 Dungeon Crawl Stone Soup version 0.17-a0-1945-gfe993df (webtiles) character file.

21 ololoev the Slasher (level 2, -4/31 HPs)
             Began as a High Elf Berserker on Sept 30, 2015.
             Was a Follower of Trog.
             Killed from afar by an orc wizard (7 damage)
             ... with a puff of frost
             ... on level 3 of the Dungeon.
             The game lasted 00:03:21 (499 turns).

ololoev the Slasher (High Elf Berserker)             Turns: 499, Time: 00:03:21

Health: -4/31      AC:  3    Str: 21    XL:     2   Next: 65%
Magic:  3/3        EV: 11    Int: 10    God:    Trog [*.....]
Gold:   35         SH:  0    Dex: 14    Spells: 0 memorised, 1 level left

rFire  . . .     SeeInvis .     a - +0 falchion
rCold  . . .     Clarity  .     p - +1 ring mail
rNeg   . . .     SustAt   .     (no shield)
rPois  .         Gourm    .     (no helmet)
rElec  .         Spirit   .     (no cloak)
rCorr  .         Warding  .     (no gloves)
rMut   .         Stasis   .     (no boots)
MR     .....                    (no amulet)
Stlth  ..........               (no ring)
                                q - -3 ring of protection (curse)

@: berserking, very slightly contaminated, very quick, not resistant to hostile
enchantments, extremely unstealthy
A: no striking features
a: Burn Spellbooks, Berserk, Renounce Religion

Inventory:

Hand weapons
 a - a +0 falchion (weapon)
Missiles
 g - 5 silver javelins (quivered)
Armour
 p - a +1 ring mail (worn)
Jewellery
 q - a cursed -3 ring of protection (left hand)
Magical devices
 j - a wand of disintegration (9)
Scrolls
 e - a scroll of amnesia
Potions
 h - a potion of magic {unknown}
 i - a potion of poison {unknown}
 l - a potion of degeneration {unknown}
 m - 2 potions of lignification {unknown}
Comestibles
 c - 4 bread rations
 n - 2 chunks of flesh


   Skills:
 + Level 3.3 Fighting
 * Level 4.1 Long Blades
 + Level 2.1 Armour
 - Level 2.1 Dodging
 + Level 0.2 Evocations


You had one spell level left.
You didn't know any spells.


You were on level 3 of the Dungeon.
You worshipped Trog.
Trog was aware of your devotion.
You were not hungry.

You visited 1 branch of the dungeon, and saw 3 of its levels.

You collected 35 gold pieces.

*,* **,***, *,*
*,,>,, *,*
*****, *,* *,
*,* *. *,*
*******##. #,*
*,,,,,,...
#.#####
*,*****#..
#.{@>.# *,* #.#
#####.# *,* #W#
#.# #.######.#
#.# #..$...)#.
#.# ########.#
#.#######.o....#
#.........######
###########

Notes
Turn   | Place    | Note
--------------------------------------------------------------
     0 | D:1      | ololoev the High Elf Berserker began the quest for the Orb.
     0 | D:1      | Reached XP level 1. HP: 16/16 MP: 2/2
   240 | D:2      | Reached XP level 2. HP: 15/21 MP: 3/3
   375 | D:3      | Reached skill level 4 in Long Blades
   461 | D:3      | Noticed Loris's ghost (average MfTm)
   472 | D:3      | Noticed an orc wizard
   499 | D:3      | Killed from afar by an orc wizard

Dungeon Overview and Level Annotations

Branches:
Dungeon (3/15)

Altars:

Annotations:
D:3 Loris's ghost, average MfTm


Message History

As you read the scroll labeled DAORED BULE, it crumbles to dust.
It was a scroll of blinking.
An orc and an orc wizard come into view.
The orc wizard shouts!
The orc shouts!
Read which item? (? for menu, Esc to quit)
As you read the scroll labeled ECROSA MUQO, it crumbles to dust.
You assume a fearsome visage.
The giant cockroach looks frightened!
The orc looks frightened!
The orc wizard looks frightened!
The orc looks frightened! x2
It was a scroll of fear.
The orc wizard mumbles some strange words.
The orc wizard flickers and vanishes!
Deactivating autopickup; reactivate with Ctrl-A.
Unknown command.
You completely miss something.
You hear some strange, mumbled words.
You completely miss something.
Found a stone staircase leading down.
There is a stone staircase leading down here.
Something hits you.
You closely miss something. Something hits you but does no damage.
You barely miss something. Something hits you. Something hits you.
You barely miss something. Something hits you but does no damage.
You hit something but do no damage. Something hits you but does no damage.
You hit something. Something hits you but does no damage. Something hits you.
Use which ability?
A red film seems to cover your vision as you go berserk!
You feel yourself moving faster!
You feel mighty!
You feel somewhat more hungry. Something hits you. Something hits you.
You closely miss something. Something hits you but does no damage.
You hit something. You slash something! Something hits you.
You closely miss something. Something hits you but does no damage.
You closely miss something. You barely miss something. Something hits you.
You hit something.
You hear some strange, mumbled words.
A puff of frost appears from out of thin air!
The puff of frost hits you!
You die...

There were no monsters in sight!

Vanquished Creatures
  An adder (D:3)
  An orc (D:3)
  A giant cockroach (D:3)
  3 goblins
  2 hobgoblins
  A kobold (D:3)
  2 giant newts
  A rat (D:3)
12 creatures vanquished.

Action                   || total
-------------------------++-------
Melee: Falchion          ||    57
Invok: Berserk           ||     2
  Use: Scroll            ||     6

Vault maps used:
D:1:      lightli_arrival_quake, bh_walls_and_bars
D:2:      uniq_jessica, uniq_robin
D:3:      first_bread
